 Dungeon Crawl Stone Soup version 0.29-a0-887-gcbe080d7e0 (webtiles) character file.

Game seed: 12426964131898086627

11865 wilfster70 the Cleaver (level 11, -5/66 HPs)
             Began as a Gargoyle Fighter on July 22, 2022.
             Was an Elder of Hepliaklqana.
             Slain by a komodo dragon (22 damage)
             ... on level 1 of the Lair of Beasts.
             The game lasted 00:22:43 (10293 turns).

wilfster70 the Cleaver (Gargoyle Fighter)          Turns: 10293, Time: 00:22:44

Health: -5/66      AC: 18    Str: 19    XL:     11   Next: 84%
Magic:  11/11      EV:  9    Int: 14    God:    Hepliaklqana [****..]
Gold:   833        SH:  8    Dex:  9    Spells: 10/10 levels left

rFire   + . .      SeeInvis .   a - +3 broad axe (freeze)
rCold   . . .      Faith    .   u - +0 kite shield
rNeg    + . .      Spirit   .   G - +0 troll leather armour
rPois   ∞          Reflect  .   t - +0 helmet
rElec   +          Harm     .   q - +2 cloak {Will+}
rCorr   .          Rampage  .   f - +0 pair of gloves
Will    +....                   (no boots)
Stlth   +.........              C - amulet of regeneration
HPRegen 1.81/turn               c - ring of protection from fire
MPRegen 0.12/turn               (no ring)

@: no status effects
A: reduced essence, sickness immunity, AC +8, negative energy resistance 1,
electricity resistance, torment resistance 1, petrification resistance
a: Renounce Religion, Recall Ancestor, Ancestor Identity, Transference, Idealise


You were on level 1 of the Lair of Beasts.
You worshipped Hepliaklqana.
Hepliaklqana was greatly pleased with you.
You visited 2 branches of the dungeon, and saw 12 of its levels.
You also visited: Sewer and Bailey.

You collected 924 gold pieces.
You spent 91 gold pieces at shops.

Inventory:

Hand Weapons
 a - a +3 broad axe of freezing (weapon)
 b - the +2 sling of the King {freeze, rElec rCorr}
   (You found it on level 3 of the Dungeon)

   Any ammunition fired from it freezes those it strikes, dealing additional
   cold damage.
   It can also slow down cold-blooded creatures.
   rElec:     It insulates you from electricity.
   rCorr:     It protects you from acid and corrosion.
 v - a +3 trident of venom
Armour
 f - a +0 pair of gloves (worn)
 q - a +2 cloak of willpower (worn)
 t - a +0 helmet (worn)
 u - a +0 kite shield (worn)
 G - a +0 troll leather armour (worn)
Jewellery
 c - a ring of protection from fire (left hand)
 C - an amulet of regeneration (around neck)
Wands
 i - a wand of quicksilver (5)
 p - a wand of iceblast (15)
 A - a wand of digging (8)
 E - a wand of flame (6)
 H - a wand of paralysis (5)
Scrolls
 l - 3 scrolls of fear
 m - a scroll of amnesia
 o - 6 scrolls of teleportation
 s - a scroll of blinking
 y - 2 scrolls of fog
 B - 2 scrolls of magic mapping
 D - a scroll of enchant armour {unknown}
Potions
 d - 4 potions of might
 e - a potion of berserk rage
 g - 3 potions of ambrosia
 h - 3 potions of invisibility
 j - 3 potions of curing
 k - 4 potions of cancellation
 n - a potion of haste
 w - a potion of brilliance {unknown}
 x - 3 potions of heal wounds
 z - 2 potions of resistance
 F - 2 potions of lignification


   Skills:
 - Level 11.3 Fighting
 * Level 13.5 Axes
 - Level 5.2 Armour
 + Level 5.5 Shields


You had 10 spell levels left.
You didn't know any spells.
Your spell library contained the following spells:

 Spells                   Type           Power      Damage    Failure   Level
 Blink                    Tloc           0%         N/A       80%         2
 Scorch                   Fire           0%         2d5       80%         2
 Dazzling Flash           Conj/Hex       0%         N/A       95%         3
 Lesser Beckoning         Tloc           0%         N/A       95%         3
 Corpse Rot               Necr/Pois/Air  0%         N/A       100%        4
 Dispel Undead            Necr           0%         3d6       100%        4
 Flame Wave               Conj/Fire      0%         2d4       100%        4
 Agony                    Necr           0%         N/A       100%        5
 Manifold Assault         Tloc           0%         N/A       100%        5
 Silence                  Hex/Air        0%         N/A       100%        5
 Death Channel            Necr           0%         N/A       100%        6
 Summon Cactus Giant      Summ           0%         N/A       100%        6


Dungeon Overview and Level Annotations

Branches:
Dungeon (11/15)            Temple (0/1) D:5            Lair (1/5) D:9
  Sewer (visited)          Bailey (visited)
    Orc: D:9-12

Altars:
Cheibriados
Dithmenos
Elyvilon
Fedhas
Hepliaklqana
Kikubaaqudgha
Nemelex Xobeh
Okawaru
Qazlal
Ru
Trog
Uskayaw
Wu Jian
Xom
Zin
The Shining One

Shops:
D:2 (!(   D:4 ?

Portals:
Trove: D:10 (show abyssal rune of Zot)

Annotations:
D:4 2 transporters, MoonlitKnight's ghost, amateur MfGl


Innate Abilities, Weirdness & Mutations

Your life essence is reduced to manifest your ancestor. (-10% HP)
You are immune to sickness and miasma.
Your stone body is resilient. (AC +8)
You are immune to poison.
You resist negative energy. (rN+)
You are resistant to electric shocks. (rElec)
You are resistant to unholy torment.
You are immune to petrification.


Message History

Zorana hits the cane toad with a +0 dagger of draining!
The cane toad dies!
You barely miss the yak.
The yak is severely wounded.
You hit the yak. You freeze the yak.
Zorana hits the yak but does no damage.
Zorana drains the yak.
The yak gores you! The yak gores you but does no damage.
Zorana gestures at the yak while chanting.
The yak resists with significant effort.
You completely miss the yak.
The yak is severely wounded.
You hit the yak. You freeze the yak.
The komodo dragon bites Zorana!!
The yak closely misses you. The yak gores you!
Zorana casts a spell at the yak.
The yak resists with significant effort.
You are too injured to fight recklessly!
You are too injured to fight recklessly!
You are too injured to fight recklessly!
You closely miss the yak.
The yak is severely wounded.
You hit the yak. You freeze the yak.
You kill the yak!
The komodo dragon bites Zorana!
Zorana is destroyed!
The yak gores you!
The bullfrog hits you but does no damage.
You closely miss the yak.
The yak is severely wounded.
You slash the bullfrog! You freeze the bullfrog!
You kill the bullfrog!
The yak gores you but does no damage.
You slash the yak! You freeze the yak.
You kill the yak!
You hit the komodo dragon.
The komodo dragon seems to slow down.
You freeze the komodo dragon. The komodo dragon bites you!
* * * LOW HITPOINT WARNING * * *
You slash the komodo dragon! You freeze the komodo dragon.
The komodo dragon is moderately wounded.
The komodo dragon is no longer moving slowly.
The komodo dragon bites you!!
You die...

. #. #.
.# #.###
...###.##
#........
#@l# #††#
#..# #..#
....
#..##
.... ....


You could see a komodo dragon.

Vanquished Creatures
  A hydra (D:11)
  A two-headed ogre (D:10)
  An ugly thing (D:11)
  2 kobold demonologists (D:10)
  2 trolls (D:9)
  12 yaks
  A steam dragon (D:8)
  2 acid dragons
  A water moccasin (D:7)
  5 orc warriors
  Pargi (Sewer)
  A black bear (D:5)
  2 centaurs
  2 ogres
  A phantom (D:7)
  A kobold brigand (D:8)
  Blork the orc (D:6)
  2 bullfrogs
  2 gnoll sergeants
  A necrophage (D:4)
  2 scorpions (D:5)
  10 wights
  6 killer bees
  A howler monkey (D:10)
  2 jellies
  Crazy Yiuf (D:4)
  2 orc priests
  2 iguanas
  2 orc wizards
  17 gnolls
  8 adders
  2 white imps
  A worm (D:2)
  A dart slug (D:4)
  44 orcs
  2 ball pythons
  8 bats
  3 endoplasms
  4 giant cockroaches
  12 goblins
  8 hobgoblins
  11 jackals
  5 kobolds
  3 quokkas
  3 frilled lizards
  7 rats
209 creatures vanquished.

Vanquished Creatures (collateral kills)
  Erolcha (D:9)
  A gargoyle (D:10)
  A cane toad (Lair:1)
  Psyche (D:10)
  A hornet (D:9)
  A wraith (D:11)
  A shadow (D:11)
  3 yaks
  A steam dragon (D:8)
  An acid dragon (D:11)
  4 orc warriors
  A sky beast (D:7)
  A gnoll sergeant (D:6)
  2 scorpions
  4 wights
  5 killer bees
  A howler monkey (D:10)
  4 hounds
  A gnoll bouda (D:10)
  An orc priest (D:9)
  An orc wizard (D:8)
  6 gnolls
  3 adders (D:5)
  A shadow imp (D:6)
  A worm (D:5)
  16 orcs
  A quokka (D:4)
  A bat (Sewer)
  3 kobolds
69 creatures vanquished.

Vanquished Creatures (others)
  An ancestor (D:4)
  7 hexers
8 creatures vanquished.

Grand Total: 286 creatures vanquished

Notes
Turn   | Place    | Note
-------+----------+-------------------------------------------
     0 | D:1      | wilfster70 the Gargoyle Fighter began the quest for the
                  | Orb.
     0 | D:1      | Reached XP level 1. HP: 14/14 MP: 1/1
   172 | D:1      | Reached skill level 2 in Axes
   227 | D:1      | You fall into a shaft and drop 1 floor!
   287 | D:2      | Reached XP level 2. HP: 13/19 MP: 2/2
   399 | D:2      | Found Suipra's Weapon Shoppe.
   538 | D:2      | Found a hazy altar of Hepliaklqana.
   556 | D:2      | Became a worshipper of Hepliaklqana the Forgotten
  1088 | D:2      | Reached XP level 3. HP: 23/23 MP: 3/3
  1089 | D:2      | Found Xuewnel's Weapon Emporium.
  1105 | D:2      | Found Ruffecsa's Distillery.
  1110 | D:2      | Bought a potion of heal wounds for 55 gold pieces
  1127 | D:2      | Found a faded altar of an unknown god.
  1851 | D:3      | Found a glowing silver altar of Zin.
  1900 | D:3      | Identified the +2 sling of the King {freeze, rElec rCorr}
  1926 | D:3      | Reached XP level 4. HP: 29/29 MP: 4/4
  2202 | D:3      | Reached * piety under Hepliaklqana
  2477 | D:4      | Reached skill level 3 in Axes
  2722 | D:4      | Found a sacrificial altar of Ru.
  2726 | D:4      | Found a snail-covered altar of Cheibriados.
  2728 | D:4      | Found a stormy altar of Qazlal.
  2729 | D:4      | Found a shimmering altar of Xom.
  2764 | D:4      | Noticed a necrophage
  2771 | D:4      | Killed a necrophage
  2772 | D:4      | Reached XP level 5. HP: 18/29 MP: 5/5
  2799 | D:4      | Found a glowing drain.
  2819 | Sewer    | Entered a sewer
  2952 | Sewer    | Noticed Pargi
  2972 | Sewer    | Killed Pargi
  2973 | Sewer    | Reached skill level 4 in Axes
  2973 | Sewer    | Reached XP level 6. HP: 34/35 MP: 6/6
  3032 | D:4      | Noticed MoonlitKnight's ghost (amateur MfGl)
  3033 | D:4      | Found a transporter.
  3078 | D:4      | Found a transporter.
  3160 | D:4      | Found a runed translucent door.
  3161 | D:4      | Noticed Crazy Yiuf
  3171 | D:4      | Killed Crazy Yiuf
  3339 | D:4      | Reached ** piety under Hepliaklqana
  3340 | D:4      | Remembered your ancestor Zorana as a hexer
  3505 | D:4      | Found Petadghack's Magic Scroll Boutique.
  3512 | D:4      | Bought a scroll of teleportation for 36 gold pieces
  3573 | D:5      | Entered Level 5 of the Dungeon
  3669 | D:5      | Reached skill level 5 in Armour
  3669 | D:5      | Reached XP level 7. HP: 13/39 MP: 7/7
  3801 | D:5      | Reached skill level 5 in Fighting
  3918 | D:5      | Reached skill level 5 in Axes
  4091 | D:5      | Found a staircase to the Ecumenical Temple.
  4760 | D:5      | Reached XP level 8. HP: 45/45 MP: 8/8
  4916 | D:6      | Found a hide-covered altar of Uskayaw.
  4916 | D:6      | Noticed a +0 spear
  4916 | D:6      | Noticed a +0 short sword
  4916 | D:6      | Noticed a +0 falchion
  4916 | D:6      | Noticed a +0 dagger
  4917 | D:6      | Noticed a +0 falchion
  4919 | D:6      | Noticed a +0 dagger
  4919 | D:6      | Noticed a +0 spear
  4920 | D:6      | Noticed a +0 short sword
  4932 | D:6      | Reached skill level 6 in Axes
  4936 | D:6      | Found an ancient bone altar of Kikubaaqudgha.
  4999 | D:6      | Noticed Blork the orc
  5007 | D:6      | Killed Blork the orc
  5236 | D:6      | Found a white marble altar of Elyvilon.
  5244 | D:6      | Reached skill level 7 in Axes
  5244 | D:6      | Found a glowing golden altar of the Shining One.
  5390 | D:6      | Found a shadowy altar of Dithmenos.
  5450 | D:6      | Found a sparkling altar of Nemelex Xobeh.
  5452 | D:6      | Found a bloodstained altar of Trog.
  5945 | D:7      | Found a blossoming altar of Fedhas.
  6110 | D:7      | Found a flagged portal.
  6121 | Bailey   | Entered a bailey
  6253 | Bailey   | Reached skill level 8 in Axes
  6253 | Bailey   | Reached XP level 9. HP: 51/51 MP: 9/9
  6642 | Bailey   | Noticed an orc warlord
  6996 | D:7      | Reached skill level 9 in Axes
  7142 | D:7      | Identified a scroll of acquirement
  7142 | D:7      | Acquired a +3 broad axe of freezing
  7154 | D:7      | Reached *** piety under Hepliaklqana
  7223 | D:7      | Found an iron altar of Okawaru.
  7855 | D:8      | Reached skill level 10 in Axes
  7855 | D:8      | Reached XP level 10. HP: 35/58 MP: 10/10
  8856 | D:9      | Reached skill level 11 in Axes
  9017 | D:9      | Reached skill level 10 in Fighting
  9035 | D:9      | Found a staircase to the Lair.
  9091 | D:9      | Identified the +7 falchion of Quick Death {freeze, rC-
                  | Str+6 Dex-5 Stlth+}
  9228 | D:9      | Noticed Erolcha
  9236 | D:9      | Killed Erolcha
  9237 | D:9      | Reached skill level 12 in Axes
  9237 | D:9      | Reached XP level 11. HP: 12/65 MP: 11/11
  9403 | D:10     | Entered Level 10 of the Dungeon
  9537 | D:10     | Noticed Psyche
  9544 | D:10     | Killed Psyche
  9584 | D:10     | Reached **** piety under Hepliaklqana
  9597 | D:10     | Noticed a sun demon
  9601 | D:10     | Noticed a two-headed ogre
  9612 | D:10     | Killed a two-headed ogre
  9650 | D:10     | Found a portal to a secret trove of treasure.
  9863 | D:10     | Found an ornate altar of the Wu Jian Council.
 10139 | D:11     | Noticed a purple ugly thing
 10143 | D:11     | Killed a purple ugly thing
 10144 | D:11     | Reached skill level 13 in Axes
 10148 | D:11     | Noticed a four-headed hydra
 10167 | D:11     | Killed a four-headed hydra
 10199 | D:11     | Reached skill level 5 in Shields
 10279 | Lair:1   | Entered Level 1 of the Lair of Beasts
 10293 | Lair:1   | Slain by a komodo dragon

Illustrated notes

Levels and vault maps discovered:
D:1:      denvon_arrival_waterhouse, layout_basic,
          chequers_serial_rivers_small_b
D:2:      layout_basic, serial_shops, nicolae_shop_hallway_plus, shop,
          nicolae_shop_hallway_plus, ebering_ecumenical_altar_petrified,
          basic_altar
D:3:      layout_basic, mainiacjoe_overflow_concentric_impassable
D:4:      layout_loops_ring, minitemple, portal_sewer_entry_f, serial_shops,
          shop, gammafunk_ghost_stat_death, uniq_crazy_yiuf_cottage
D:5:      layout_basic, temple_fountains
D:6:      layout_rooms, elyvilon_altar_5, mainiacjoe_overflow_catwalk_spiral,
          lemuel_doored_altar, old_standard_altar, lemuel_crystal_altar,
          nicolae_uskayaw_en_pointe, uniq_blork_the_orc
D:7:      layout_basic, mainiacjoe_overflow_catch_the_wave, enter_bailey_7,
          hangedman_decor_points
D:8:      layout_loops_ring
D:9:      layout_roguey [special_room_orc], lair_entry_dummy, uniq_erolcha
D:10:     layout_cave_pools, nicolae_wu_jian_wuxing_cycle, enter_trove_6,
          kennysheep_generic_room_14, uniq_psyche
D:11:     layout_rooms, serial_shops, nicolae_shop_advertising_works
          [nicolae_subvault_shop_adworks], kennysheep_decorative_pillar,
          minmay_misc_feat_five
Lair:1:   beast_lair_carwin_large_1, layout_loops_ring, basic_altar,
          maelrawn_ghost_gauntlet_escape, st_stairs_7

Skill      XL: |  1  2  3  4  5  6  7  8  9 10 11 |
---------------+----------------------------------+-----
Axes           | 2 3 4 5 8 10 12 13 | 13.5
Armour         | 4 5 |  5.2
Fighting       | 4 5 7 8 10 11 | 11.3
Shields        | 4 5 |  5.5

Action                   |  1- 3 |  4- 6 |  7- 9 | 10-12 || total
-------------------------+-------+-------+-------+-------++-------
Melee: War axe           |   133 |   113 |   194 |       ||   440
       Broad axe         |       |       |    39 |   203 ||   242
       Trident           |       |       |       |     8 ||     8
 Fire: Sling             |     3 |       |       |       ||     3
Invok: Ancestor Life: He |       |     1 |       |       ||     1
       Recall Ancestor   |       |       |       |     1 ||     1
Evoke: Wand              |       |       |     2 |     2 ||     4
  Use: Scroll            |     4 |     9 |     4 |     5 ||    22
       Potion            |       |       |     3 |     1 ||     4
 Stab: Confused          |       |     1 |     5 |     4 ||    10
       Distracted        |       |       |     1 |     1 ||     2
Armor: Scale mail        |    81 |    79 |   144 |    77 ||   381
       Troll leather arm |       |       |       |    55 ||    55
Dodge: Dodged            |    80 |    65 |   101 |    87 ||   333
Block: Buckler           |    26 |    33 |    22 |       ||    81
       Kite shield       |       |       |    73 |   103 ||   176

Table legend: (Time is in decaauts)
 A = Elapsed time spent in this place.
 B = Non-inter-level travel time spent in this place.
 C = Inter-level travel time spent in this place.
 D = Time resting spent in this place.
 E = Time spent auto-exploring this place.
 F = Levels seen in this place.
 G = Mean time per level.
                   A        B        C        D        E       F      G
               +--------+--------+--------+--------+--------+-----+--------+
         Total |  10508 |  10158 |    350 |   2453 |   4757 |  14 |  750.6 |
       Dungeon |   9702 |   9353 |    349 |   2019 |   4756 |  11 |  882.0 |
          Lair |     15 |     15 |      0 |      0 |      0 |   1 |   15.0 |
         Sewer |    206 |    206 |      0 |    101 |      1 |   1 |  206.0 |
        Bailey |    585 |    585 |      0 |    333 |      0 |   1 |  585.0 |
               +--------+--------+--------+--------+--------+-----+--------+

Top non-repeatable levels by time:
     D:5: 1518 daAuts
     D:7: 1346 daAuts
     D:8: 1042 daAuts
     D:3: 939 daAuts
     D:4: 918 daAuts
     D:6: 879 daAuts
     D:2: 843 daAuts
     D:1: 759 daAuts
    D:10: 709 daAuts
     D:9: 630 daAuts
  Bailey: 585 daAuts
   Sewer: 206 daAuts
    D:11: 115 daAuts
  Lair:1: 15 daAuts
